 Dungeon Crawl Stone Soup version 0.28-a0-662-g1651b1f1e0 (webtiles) character file.

Game seed: 6581691306456252937

123 Gwenloh the Cutter (level 4, -2/34 HPs)
             Began as a Vampire Gladiator on Oct 15, 2021.
             Was a Believer of Makhleb.
             Slain by an adder (4 damage)
             ... on level 3 of the Dungeon.
             The game lasted 00:06:10 (1587 turns).

Gwenloh the Cutter (Vampire Gladiator)              Turns: 1587, Time: 00:06:10

Health: -2/34      AC:  4    Str: 13    XL:     4   Next: 80%
Magic:  4/4        EV: 12    Int: 11    God:    Makhleb [**....]
Gold:   20         SH:  0    Dex: 15    Spells: 3/3 levels left

rFire   . . .      SeeInvis +   a - +0 rapier
rCold   . . .      Faith    .   (no shield)
rNeg    . . .      Spirit   .   b - +0 leather armour
rPois   .          Reflect  .   c - +0 helmet
rElec   .          Harm     .   (no cloak)
rCorr   .          Rampage  .   (no gloves)
Will    .....                   (no boots)
Stlth   ++........              (no amulet)
HPRegen 0.31/turn               (no ring)
MPRegen 0.09/turn               (no ring)

@: healing quickly
A: alive, fangs 3, see invisible, vampiric 2
a: Exsanguinate, Renounce Religion, Minor Destruction


You were on level 3 of the Dungeon.
You worshipped Makhleb.
Makhleb was pleased with you.
You visited 1 branch of the dungeon, and saw 3 of its levels.

You collected 20 gold pieces.

Inventory:

Hand Weapons
 a - a +0 rapier (weapon)
Missiles
 d - 3 throwing nets
 g - 82 stones (quivered)
Armour
 b - a +0 leather armour (worn)
 c - a +0 helmet (worn)
Scrolls
 f - 2 scrolls of enchant weapon {unknown}
 j - 3 scrolls of identify {unknown}
Potions
 e - a potion of attraction {unknown}
 h - a potion of magic {unknown}
 i - 2 potions of curing {unknown}
 k - 3 potions of berserk rage {unknown}


   Skills:
 + Level 2.7 Fighting
 * Level 5.0 Short Blades
 - Level 1.5 Throwing
 - Level 3.2 Dodging
 + Level 3.3 Stealth


You had 3 spell levels left.
You didn't know any spells.
Your spell library was empty.

Dungeon Overview and Level Annotations

Branches:
Dungeon (3/15)

Altars:
Makhleb

Shops:
D:1 =[(   D:2 ?:*[


Innate Abilities, Weirdness & Mutations

Your natural rate of healing is accelerated.
You have razor-sharp teeth.
You have supernaturally acute eyesight. (SInv)
You are afflicted with vampirism and can become a bat while bloodless.


Message History

You kill the orc!
Makhleb accepts your kill.
No target in view!
Things that are here:
a +0 hand axe; a +1 leather armour of willpower; an orc corpse An adder, an orc and an orc priest come into view.
The orc is wielding a +0 hand axe of freezing.
The orc moves out of view.
You see here a stone.
The orc priest misses you.
You see here a stone.
You barely miss the orc priest.
The orc priest calls down the wrath of Beogh upon you.
Pain shoots through your body!
The orc shouts!
You hit the orc priest.
The orc priest is lightly wounded.
You hear a shout!
The orc priest hits you with a +0 whip.
You are too injured to fight recklessly!
You are too injured to fight recklessly!
You hit the orc priest. Your bite misses the orc priest.
The orc priest is heavily wounded.
The orc priest invokes the aid of Beogh against you.
Beogh smites you!
* * * LOW HITPOINT WARNING * * *
You closely miss the orc priest. You bite the orc priest.
The orc priest is almost dead.
The orc priest hits you with a +0 whip.
* * * LOW HITPOINT WARNING * * *
You closely miss the orc priest. Your bite misses the orc priest.
The orc priest is almost dead.
The orc priest calls down the wrath of Beogh upon you.
You barely resist. You hit the orc priest.
You kill the orc priest!
Makhleb accepts your kill.
Your Short Blades skill increases to level 5!
You barely miss the adder. The adder bites you.
You die... ... ... #.# #.# oo.

#.# #S# ##@# ##(.#
#####)#.## ##....###.#
#...##.#.#########
###...##...........#
##............#####.##
#........#...##
#...#####
#........##.##
#.......#


You could see an adder and 2 orcs.

Vanquished Creatures
  An orc priest (D:3)
  Jessica (D:2)
  3 adders
  A dart slug (D:2)
  An orc (D:3)
  4 bats
  3 endoplasms
  A giant cockroach (D:3)
  4 goblins
  6 hobgoblins
  5 kobolds
  A quokka (D:2)
  4 frilled lizards
  3 rats
38 creatures vanquished.

Notes
Turn   | Place    | Note
-------+----------+-------------------------------------------
     0 | D:1      | Gwenloh the Vampire Gladiator began the quest for the Orb.
     0 | D:1      | Reached XP level 1. HP: 16/16 MP: 1/1
    61 | D:1      | Found Sogoanguha's Weapon Boutique.
   151 | D:1      | Found Sow Asuj's Antique Armour Shoppe.
   152 | D:1      | Found Ylaje's Jewellery Boutique.
   160 | D:1      | Reached skill level 1 in Stealth
   265 | D:1      | Found a faded altar of an unknown god.
   272 | D:1      | Reached XP level 2. HP: 22/22 MP: 2/2
   275 | D:1      | Prayed at the altar of an unknown god.
   275 | D:1      | Became a worshipper of Makhleb the Destroyer
   275 | D:1      | Reached * piety under Makhleb
   479 | D:2      | Found Jouc's Magic Scroll Shoppe.
   577 | D:2      | Found Pegh's Book Emporium.
   652 | D:2      | Reached skill level 4 in Short Blades
   672 | D:2      | Gained mutation: You are afflicted with vampirism and can
                  | become a bat while bloodless. [Vampire growth]
   672 | D:2      | Reached XP level 3. HP: 27/27 MP: 3/3
   760 | D:2      | Noticed Jessica
   771 | D:2      | Killed Jessica
   845 | D:2      | Found Wulyten's Assorted Antiques.
  1143 | D:2      | Found Sujelag's Antique Armour Shoppe.
  1195 | D:3      | Reached XP level 4. HP: 26/34 MP: 4/4
  1457 | D:3      | Reached ** piety under Makhleb
  1584 | D:3      | HP: 1/34 [orc priest (5)]
  1587 | D:3      | Reached skill level 5 in Short Blades
  1587 | D:3      | Slain by an adder

Illustrated notes

Levels and vault maps discovered:
D:1:      dpeg_arrival_long_road, layout_rooms,
          ebering_ecumenical_altar_petrified, serial_shops, shop, shop,
          nicolae_shop_overgrown_old_shop
D:2:      layout_basic, serial_shops, shop_fountains, nicolae_shop_waterfront,
          shop, shop, uniq_jessica
D:3:      layout_loops_corners

Skill      XL: |  1  2  3  4 |
---------------+-------------+-----
Stealth        | 1 2 3 |  3.3
Fighting       | 2 |  2.7
Short Blades   | 4 5 |  5.0
Throwing       | |  1.5
Dodging        | |  3.2

Action                   |  1- 3 |  4- 6 || total
-------------------------+-------+-------++-------
Melee: Rapier            |    67 |    50 ||   117
       Bite              |     3 |     6 ||     9
Throw: Stone             |    28 |    24 ||    52
 Stab: Sleeping          |     3 |       ||     3
Armor: Leather armour    |    19 |    10 ||    29
Dodge: Dodged            |    38 |    19 ||    57

Table legend: (Time is in decaauts)
 A = Elapsed time spent in this place.
 B = Non-inter-level travel time spent in this place.
 C = Inter-level travel time spent in this place.
 D = Time resting spent in this place.
 E = Time spent auto-exploring this place.
 F = Levels seen in this place.
 G = Mean time per level.
                   A        B        C        D        E       F      G
               +--------+--------+--------+--------+--------+-----+--------+
         Total |   1589 |   1522 |     67 |     50 |   1088 |   3 |  529.7 |
       Dungeon |   1589 |   1522 |     67 |     50 |   1088 |   3 |  529.7 |
               +--------+--------+--------+--------+--------+-----+--------+

Top non-repeatable levels by time:
     D:2: 625 daAuts
     D:1: 563 daAuts
     D:3: 400 daAuts
